 Dungeon Crawl Stone Soup version 0.30-a0-1042-gacf32f4bd3 (webtiles) character file.

Game seed: 16954317875733470957

105 CryoSword the Twirler (level 5, -13/41 HPs)
             Began as a Formicid Fighter on Apr 9, 2023.
             Mangled by a goblin
             ... wielding a +2 dagger of electrocution
             ... led by Robin
              (17 damage)
             ... on level 2 of the Dungeon.
             The game lasted 00:02:08 (1332 turns).

CryoSword the Twirler (Formicid Fighter)            Turns: 1332, Time: 00:02:08

Health: -13/41     AC:  6    Str: 22    XL:     5   Next: 9%
Magic:  5/5        EV:  9    Int:  8    God:
Gold:   132        SH:  5    Dex: 13    Spells: 4/4 levels left

rFire   . . .      SeeInvis +    w - +0 lajatang
rCold   . . .      Faith    .    c - +0 buckler
rNeg    . . .      Spirit   .    b - +0 scale mail
rPois   .          Reflect  .    (helmet unavailable)
rElec   .          Rampage  .    (no cloak)
rCorr   .                        (no gloves)
Will    .....                    (no boots) Stlth
                                 (no amulet)
HPRegen 0.26/turn                (no ring)
MPRegen 0.09/turn                (no ring)

@: mighty
A: permanent stasis, dig shafts and tunnels, antennae 3, four strong arms
a: Dig, Shaft Self


You were on level 2 of the Dungeon.
You visited 1 branch of the dungeon, and saw 2 of its levels.

You collected 132 gold pieces.

Inventory:

Hand Weapons
 w - a +0 lajatang (weapon)
   (You found it on level 2 of the Dungeon)
Missiles
 a - 5 atropa-tipped darts
Armour
 b - a +0 scale mail (worn)
 c - a +0 buckler (worn)
Scrolls
 e - a scroll of vulnerability {unknown}
 f - a scroll of identify {unknown}
 g - a scroll of immolation {unknown}
 k - a scroll of teleportation {unknown}
 l - a scroll of silence {unknown}
 m - a scroll of poison {unknown}
Potions
 h - a potion of brilliance {unknown}
 i - 2 potions of heal wounds {unknown}
 j - a potion of invisibility {unknown}


   Skills:
 - Level 3.2 Fighting
 + Level 4.8 Staves
 - Level 3.2 Armour
 - Level 4.0 Shields


You had 4 spell levels left.
You didn't know any spells.
Your spell library contained the following spells:

 Spells                   Type           Power      Damage    Failure   Level
 Sting                    Tmut/Pois      0%         1d3       80%         1
 Poisonous Vapours        Pois/Air       0%         N/A       91%         2
 Sublimation of Blood     Necr           0%         N/A       91%         2
 Wereblood                Tmut           0%         N/A       91%         2
 Gell's Gravitas          Tloc           0%         N/A       99%         3
 Portal Projectile        Hex/Tloc       0%         N/A       99%         3
 Teleport Other           Tloc           0%         N/A       99%         3
 Tukima's Dance           Hex            0%         N/A       99%         3
 Olgreb's Toxic Radiance  Pois           0%         N/A       100%        4
 Blade Hands              Tmut           0%         N/A       100%        5
 Dispersal                Tloc           0%         N/A       100%        6
 Summon Hydra             Summ           0%         N/A       100%        7


Dungeon Overview and Level Annotations

Branches:
Dungeon (2/15)

Altars:

Annotations:
D:2 Robin


Innate Abilities, Weirdness & Mutations

You cannot be hasted, slowed, berserked, paralysed or teleported.
You can dig through walls and to a lower floor.
You have a pair of large antennae on your head. (SInv)
Your four strong arms can wield two-handed weapons with a shield.


Message History

You barely miss Jessica. Jessica closely misses you.
You slash Jessica!
You kill Jessica!
No target in view!
No target in view!
Your movement speed is average.
Your attack delay is about 1.2.
Your damage rating with your +0 lajatang is about 23 (Base 16 x 130% (Str) x 114% (Skill)).
Unknown command.
Unknown command.
Things that are here:
a +0 club; a +0 robe of fire resistance A hobgoblin comes into view.
The hobgoblin shouts!
A hobgoblin is nearby!
A hobgoblin is nearby!
You slash the hobgoblin!
You kill the hobgoblin!
No target in view!
Found a stone staircase leading down.
A bat comes into view.
A bat is nearby!
A bat is nearby!
Your movement speed is average.
Your attack delay is about 1.2.
Your damage rating with your +0 lajatang is about 23 (Base 16 x 130% (Str) x 114% (Skill)).
An adder comes into view.
The adder hisses angrily.
The bat barely misses you.
You slash the bat!
You kill the bat!
The adder bites you.
You slash the adder!
You kill the adder!
You have reached level 5!
You now have 132 gold pieces (gained 14).
Found a stone staircase leading down.
Found 4 stones. 2 goblins come into view.
The goblin shouts! x2; You hear a shout! x3
A hobgoblin comes into view.
The goblin moves out of view.
There are monsters nearby!
There are monsters nearby!
There are monsters nearby!
A goblin comes into view. It is wielding a +0 dagger.
The goblin shouts!
You hear a shout!
A goblin comes into view. It is wielding a +0 club.
Robin and a goblin come into view.
The goblin is wielding a +2 dagger of electrocution.
Robin shouts!
The goblin shouts!
You hear a shout!
A goblin comes into view.
It is wielding a +0 dagger. x2 2 goblins come into view.
The goblin shouts! x2
Robin throws the goblin at you!
The goblin hits you but does no damage. x3
A hobgoblin comes into view.
You barely miss the goblin.
Robin roars a battlecry!
The goblins go into a battle-frenzy!
You block the goblin's attack. x2; The goblin hits you but does no damage.
You barely miss the goblin. Robin throws the goblin at you!
The goblin hits you but does no damage. You block the goblin's attack.
The goblin hits you but does no damage. x2
You closely miss the goblin. The goblin hits you but does no damage.
You block the goblin's attack. The goblin hits you with a +0 dagger.
The goblin barely misses you.
You barely miss the goblin.
Robin's horned helmet rattles.
You block the goblin's attack. x2; The goblin barely misses you.
The goblin hits you with a +0 club. The goblin hits you but does no damage.
The goblin hits you with a +0 club. The goblin barely misses you.
The goblin closely misses you.
You closely miss the goblin. The goblin misses you.
The goblin closely misses you. The goblin hits you but does no damage.
The goblin closely misses you.
You hit the goblin. The goblin closely misses you. x2
The goblin hits you but does no damage. The goblin misses you.
You closely miss the goblin. You block the goblin's attack.
The goblin hits you but does no damage. x2; The goblin barely misses you.
You barely miss the goblin.
Robin's bangles clink loudly.
The goblin hits you with a +0 dagger. The goblin misses you.
The goblin hits you but does no damage. You block the goblin's attack.
You completely miss the goblin. The goblin hits you with a +0 dagger.
The goblin completely misses you. You block the goblin's attack.
The goblin hits you with a +0 club. The goblin barely misses you.
The goblin hits you with a +0 club. The goblin barely misses you.
The goblin closely misses you.
You barely miss the goblin. The goblin hits you with a +0 dagger.
The goblin closely misses you.
The goblin hits you with a +0 dagger. x2
* * * LOW HITPOINT WARNING * * *
You hit the goblin.
You kill the goblin!
The goblin no longer looks unusually strong.
The goblin hits you but does no damage. The goblin closely misses you.
The goblin hits you but does no damage.
The goblin no longer looks unusually strong.
You block the goblin's attack.
Things that are here:
a +0 dagger; a goblin corpse The goblin no longer looks unusually strong. x2
You feel very mighty all of a sudden. The goblin hits you with a +0 dagger.
* * * LOW HITPOINT WARNING * * *
You barely miss the goblin. The goblin closely misses you.
You slice the goblin!!
You kill the goblin!
The goblin no longer looks unusually strong.
Robin throws the goblin at you! The goblin barely misses you.
The goblin hits you but does no damage. The goblin hits you with a +0 dagger.
* * * LOW HITPOINT WARNING * * *
You closely miss the goblin.
Robin roars a battlecry!
The goblins go into a battle-frenzy!
You block the goblin's attack. The goblin completely misses you.
The goblin hits you but does no damage. x2
The goblin hits you with a +0 dagger.
* * * LOW HITPOINT WARNING * * *
The goblin closely misses you. You block the goblin's attack.
The goblin hits you but does no damage.
You miss the goblin.
The goblin no longer looks unusually strong.
You block the goblin's attack. The goblin hits you but does no damage.
You block the goblin's attack. x2
You barely miss the goblin. The goblin barely misses you.
The goblin hits you but does no damage. The goblin closely misses you.
You block the goblin's attack.
You slash the goblin!
You kill the goblin!
Robin throws the goblin at you! You block the goblin's attack.
The goblin hits you with a +0 club.
* * * LOW HITPOINT WARNING * * *
The goblin hits you but does no damage. x2
You barely miss the goblin. The goblin hits you with a +0 club.
* * * LOW HITPOINT WARNING * * *
The goblin barely misses you. The goblin hits you with a +0 dagger.
* * * LOW HITPOINT WARNING * * *
The goblin hits you but does no damage. x2; The goblin closely misses you.
The goblin hits you but does no damage. The goblin completely misses you.
You hit the goblin.
You kill the goblin!
Robin hits you from afar with a +0 spear.
* * * LOW HITPOINT WARNING * * *
The goblin barely misses you. The goblin hits you but does no damage.
The goblin hits you with a +0 dagger.
* * * LOW HITPOINT WARNING * * *
You barely miss the goblin. Robin hits you but does no damage.
You block the goblin's attack. The goblin barely misses you.
The goblin hits you with a +2 dagger of electrocution.
* * * LOW HITPOINT WARNING * * *
You are electrocuted!
You die...

...##.#######.####
............>.#
..............#
##............#
#............###########
#..............g........
#.............gg#..g....
#.†...........gg#.g.....
##.............g@#{......
##>..........####g....###
##........... .#.#.#
##........... .#...#
############# .##### # ..
# ##


You could see Robin, 2 hobgoblins and 4 goblins.

Vanquished Creatures
  Jessica (D:2)
  2 adders (D:2)
  A dart slug (D:2)
  6 endoplasms
  8 goblins
  4 hobgoblins
  7 jackals
  4 kobolds
  A quokka (D:1)
  3 ball pythons
  5 bats
  4 frilled lizards
  8 rats (D:1)
54 creatures vanquished.

Notes
Turn   | Place    | Note
-------+----------+-------------------------------------------
     0 | D:1      | CryoSword the Formicid Fighter began the quest for the Orb.
     0 | D:1      | Reached XP level 1. HP: 18/18 MP: 1/1
    79 | D:1      | Reached XP level 2. HP: 18/24 MP: 2/2
   323 | D:1      | Reached XP level 3. HP: 29/29 MP: 3/3
   746 | D:2      | Reached XP level 4. HP: 17/35 MP: 4/4
  1213 | D:2      | Noticed Jessica
  1217 | D:2      | Killed Jessica
  1247 | D:2      | Reached XP level 5. HP: 38/41 MP: 5/5
  1307 | D:2      | Noticed Robin
  1332 | D:2      | Mangled by a goblin

Illustrated notes

Levels and vault maps discovered:
D:1:      dpeg_arrival_ratfight, layout_rooms
D:2:      layout_basic, hellmonk_ecumenical_altar_pennies_from_heaven,
          minmay_puff, uniq_jessica, uniq_robin

Skill      XL: |  1  2  3 |
---------------+----------+-----
Staves         | 3 4 |  4.8
Fighting       | |  3.2
Armour         | |  3.2
Shields        | |  4.0

Action                     |  1- 3 |  4- 6 || total
---------------------------+-------+-------++-------
  Melee: Quarterstaff      |   114 |     9 ||   123
         Lajatang          |       |    38 ||    38
    Use: Potion            |       |     1 ||     1
 Armour: Scale mail        |    67 |    36 ||   103
  Dodge: Dodged            |    76 |    42 ||   118
  Block: Buckler           |    35 |    21 ||    56

Table legend: (Time is in decaauts)
 A = Elapsed time spent in this place.
 B = Non-inter-level travel time spent in this place.
 C = Inter-level travel time spent in this place.
 D = Time resting spent in this place.
 E = Time spent auto-exploring this place.
 F = Levels seen in this place.
 G = Mean time per level.
                   A        B        C        D        E       F      G
               +--------+--------+--------+--------+--------+-----+--------+
         Total |   1360 |   1344 |     16 |      0 |    933 |   2 |  680.0 |
       Dungeon |   1360 |   1344 |     16 |      0 |    933 |   2 |  680.0 |
               +--------+--------+--------+--------+--------+-----+--------+

Top non-repeatable levels by time:
     D:2: 718 daAuts
     D:1: 641 daAuts
